cohdb
Replays
Latest Replays
All Replays
Popular Replays
Top Player Replays
Match Explorer
How It Works
Community
CoH3 Stats
Reddit
Sign in to upload your games and track your stats! →
Sign in with Steam
Match 43709228
Unlisted
Match 43709228
Overview
Messages
Build Orders
End
Construct Barracks
Selects Special Operations Battlegroup
Selects M29 Weasel Recon Vehicle
M29 Weasel Recon Vehicle
Riflemen Squad
Riflemen Squad
Engineer Squad
Selects Smoke Screen
Smoke Screen
Construct Weapon Support Center
Infantry Support Center
Bazooka Squad
Construct Medical Station
Smoke Screen
M1919 Machine Gun Team
Selects SSF Commando Squad
donovan15
Addictus Caesar
Victor
hogarthw
0
0
Comments
sign in to comment!
No comments posted yet!